TOP OF THE 1ST |
Omaha Storm Chasers batting - Pitching for Rochester Red Wings : RHP Bill Rondeau
|
Pitching: RHP Bill Rondeau
|
|
Batting: LHB Jim Pankratz
|
0-0: Ball 1-0: SINGLE (Groundball, 25, EV 68.8 MPH) (infield hit)
|
Batting: RHB Walt Cogswell
|
0-0: Called Strike 0-1: Ground out 5-3 (Groundball, 56S, EV 67.5 MPH) Jim Pankratz to second
|
Batting: RHB Taisei Fujii
|
0-0: Ball 1-0: Foul Ball, location: 2F 1-1: Foul Ball, location: 2F 1-2: Foul Ball, location: 2F 1-2: Fly out, F3 (Popup, 23F, EV 85.6 MPH)
|
Batting: RHB Ken Postlethwaite
|
0-0: Ball 1-0: Swinging Strike 1-1: Foul Ball, location: 2F 1-2: Foul Ball, location: 2F 1-2: Ball 2-2: Ball 3-2: Base on Balls
|
Batting: SHB Francisco Gutierrez
|
0-0: Foul Ball, location: 2F 0-1: Foul Ball, location: 2F 0-2: Ball 1-2: Ball 2-2: DOUBLE (Line Drive, 7LM, EV 113.8 MPH) Jim Pankratz scores Ken Postlethwaite to third
|
Batting: RHB Danny Weisse
|
0-0: Ball 1-0: Called Strike 1-1: Ball 2-1: SINGLE (Line Drive, 8RS, EV 88.8 MPH) Ken Postlethwaite scores Francisco Gutierrez to third
|
Batting: LHB Danny Bailey
|
0-0: Foul Ball, location: 2F 0-1: Ball 1-1: Foul Ball, location: 2F 1-2: Strikes out swinging
|
Top of the 1st over - 2 runs, 3 hits, 0 errors, 2 left on base; Omaha 2 - Rochester 0 |
BOTTOM OF THE 1ST |
Rochester Red Wings batting - Pitching for Omaha Storm Chasers : RHP Joe Noonan
|
Pitching: RHP Joe Noonan
|
|
Batting: RHB Cyril Husson
|
0-0: Ball 1-0: Foul Ball, location: 2F 1-1: Foul Ball, location: 2F 1-2: Ground out 5-3 (Groundball, 56, EV 96.2 MPH)
|
Batting: SHB Ian Thompson
|
0-0: Foul Ball, location: 2F 0-1: Called Strike 0-2: Foul Ball, location: 2F 0-2: Strikes out looking
|
Batting: LHB Chris Munguia
|
0-0: Ball 1-0: Ball 2-0: SINGLE (Line Drive, 8LS, EV 88.8 MPH)
|
Batting: SHB Dan Morataya
|
0-0: Ball 1-0: Called Strike Chris Munguia steals 2nd base 1-1: SINGLE (Groundball, 6M, EV 95.6 MPH) Chris Munguia to third Runner from 3rd tries for Home, throw by CF and OUT! 8-2
|
Bottom of the 1st over - 0 runs, 2 hits, 0 errors, 1 left on base; Omaha 2 - Rochester 0 |
TOP OF THE 2ND |
Omaha Storm Chasers batting - Pitching for Rochester Red Wings : RHP Bill Rondeau
|
Batting: RHB Yuichi Takata
|
0-0: SINGLE (Groundball, 6MD, EV 96.2 MPH)
|
Batting: RHB Kevin Roseen
|
0-0: Called Strike 0-1: Foul Ball, location: 2F 0-2: Ball 1-2: Fly out, F9 (Flyball, 9, EV 93.1 MPH)
|
Batting: LHB Jim Pankratz
|
0-0: Called Strike 0-1: Ball 1-1: Fielders Choice at 2nd, 6-4 (Groundball, 56, EV 97.5 MPH)
|
Batting: RHB Walt Cogswell
|
0-0: Called Strike 0-1: Ground out 4-3 (Groundball, 4, EV 76.9 MPH)
|
Top of the 2nd over - 0 runs, 1 hit, 0 errors, 1 left on base; Omaha 2 - Rochester 0 |
BOTTOM OF THE 2ND |
Rochester Red Wings batting - Pitching for Omaha Storm Chasers : RHP Joe Noonan
|
Batting: RHB Juan Espinoza
|
0-0: Called Strike 0-1: Swinging Strike 0-2: Ball 1-2: Foul Ball, location: 2F 1-2: Strikes out swinging, 2-3 out at first.
|
Batting: RHB Manuel Juarez
|
0-0: Called Strike 0-1: Foul Ball, location: 2F 0-2: Ball 1-2: Strikes out swinging
|
Batting: RHB Ryan Gautney
|
0-0: Ball 1-0: Foul Ball, location: 2F 1-1: Ground out 5-3 (Groundball, 56, EV 100.0 MPH)
|
Bottom of the 2nd over - 0 runs, 0 hits, 0 errors, 0 left on base; Omaha 2 - Rochester 0 |
TOP OF THE 3RD |
Omaha Storm Chasers batting - Pitching for Rochester Red Wings : RHP Bill Rondeau
|
Batting: RHB Taisei Fujii
|
0-0: Foul Ball, location: 2F 0-1: Called Strike 0-2: Strikes out swinging
|
Batting: RHB Ken Postlethwaite
|
0-0: Called Strike 0-1: SINGLE (Groundball, 56S, EV 65.6 MPH) (infield hit)
|
Batting: SHB Francisco Gutierrez
|
0-0: Called Strike 0-1: Ball 1-1: Ball 2-1: DOUBLE (Line Drive, 78D, EV 106.9 MPH) Ken Postlethwaite to third Runner from 3rd tries for Home, SAFE, throw by CF to home
|
Batting: RHB Danny Weisse
|
0-0: Ball 1-0: Ball 2-0: Called Strike 2-1: Called Strike 2-2: Foul Ball, location: 2F 2-2: Ball 3-2: Ground out 6-3 (Groundball, 6S, EV 68.1 MPH) Francisco Gutierrez to third
|
Batting: LHB Danny Bailey
|
0-0: Ball 1-0: Ball 2-0: SINGLE (Groundball, 6MD, EV 101.9 MPH) Francisco Gutierrez scores
|
Batting: RHB Yuichi Takata
|
0-0: Ball Danny Bailey steals 2nd, throwing error, E2 Danny Bailey to third 1-0: Called Strike 1-1: Ball 2-1: Ball 3-1: Called Strike 3-2: Foul Ball, location: 2F 3-2: Ground out 5-3 (Groundball, 56S, EV 66.9 MPH)
|
Top of the 3rd over - 2 runs, 3 hits, 1 error, 1 left on base; Omaha 4 - Rochester 0 |
BOTTOM OF THE 3RD |
Rochester Red Wings batting - Pitching for Omaha Storm Chasers : RHP Joe Noonan
|
Batting: RHB Mike Craver
|
0-0: Ball 1-0: Ball 2-0: Foul Ball, location: 2F 2-1: Swinging Strike 2-2: SINGLE (Groundball, 4, EV 102.5 MPH)
|
Batting: RHB Jeremy Witt
|
0-0: Ball 1-0: Ball 2-0: Ball 3-0: Base on Balls Mike Craver to second
|
Batting: RHB Cyril Husson
|
0-0: Ball 1-0: SINGLE (Groundball, 56, EV 95.6 MPH) Mike Craver to third Jeremy Witt to second
|
Batting: SHB Ian Thompson
|
0-0: Ball 1-0: Swinging Strike 1-1: Foul Ball, location: 2F 1-2: SINGLE (Flyball, 6MD, EV 87.5 MPH) Mike Craver scores Jeremy Witt to third Cyril Husson to second
|
Batting: LHB Chris Munguia
|
0-0: SINGLE (Groundball, 34D, EV 106.9 MPH) Jeremy Witt scores Cyril Husson to third Ian Thompson to second
|
Batting: SHB Dan Morataya
|
0-0: Ball 1-0: Ball 2-0: Fly out, F9 (Flyball, 9LMF, EV 84.4 MPH)
|
Batting: RHB Juan Espinoza
|
0-0: Ball 1-0: Ball 2-0: Called Strike 2-1: Ball 3-1: DOUBLE (Line Drive, 8RXD, EV 103.8 MPH) Cyril Husson scores Ian Thompson scores Chris Munguia to third Runner from 3rd tries for Home, SAFE, throw by CF to home
|
Batting: RHB Manuel Juarez
|
0-0: Called Strike 0-1: Ball 1-1: Called Strike 1-2: Strikes out swinging
|
Batting: RHB Ryan Gautney
|
0-0: Ball 1-0: Ball 2-0: Foul Ball, location: 2F 2-1: Fly out, F4 (Line Drive, 4, EV 68.8 MPH)
|
Bottom of the 3rd over - 5 runs, 5 hits, 0 errors, 1 left on base; Omaha 4 - Rochester 5 |
TOP OF THE 4TH |
Omaha Storm Chasers batting - Pitching for Rochester Red Wings : RHP Bill Rondeau
|
Batting: RHB Kevin Roseen
|
0-0: Swinging Strike 0-1: Ball 1-1: Ball 2-1: Ball 3-1: Base on Balls
|
Batting: LHB Jim Pankratz
|
0-0: Ball 1-0: Ball 2-0: Swinging Strike 2-1: Foul Ball, location: 2F 2-2: Strikes out swinging
|
Batting: RHB Walt Cogswell
|
0-0: Swinging Strike 0-1: Ball 1-1: Foul Ball, location: 2F 1-2: Foul Ball, location: 2F 1-2: Foul Ball, location: 2F 1-2: Strikes out swinging
|
Batting: RHB Taisei Fujii
|
0-0: Ball 1-0: Fly out, F7 (Flyball, 7D, EV 98.1 MPH)
|
Top of the 4th over - 0 runs, 0 hits, 0 errors, 1 left on base; Omaha 4 - Rochester 5 |
BOTTOM OF THE 4TH |
Rochester Red Wings batting - Pitching for Omaha Storm Chasers : RHP Joe Noonan
|
Batting: RHB Mike Craver
|
0-0: Ball 1-0: Ground out 4-3 (Groundball, 4, EV 104.4 MPH)
|
Batting: RHB Jeremy Witt
|
0-0: Called Strike 0-1: Ball 1-1: Ball 2-1: Foul Ball, location: 2F 2-2: Ball 3-2: SINGLE (Line Drive, 8RS, EV 98.8 MPH)
|
Batting: RHB Cyril Husson
|
0-0: Ball 1-0: Called Strike 1-1: Fielders Choice at 2nd, 6-4 (Groundball, 6MS, EV 84.4 MPH)
|
Batting: SHB Ian Thompson
|
0-0: Ball 1-0: Foul Ball, location: 2F 1-1: Fly out, F8 (Flyball, 78M, EV 83.8 MPH)
|
Bottom of the 4th over - 0 runs, 1 hit, 0 errors, 1 left on base; Omaha 4 - Rochester 5 |
TOP OF THE 5TH |
Omaha Storm Chasers batting - Pitching for Rochester Red Wings : RHP Bill Rondeau
|
Batting: RHB Ken Postlethwaite
|
0-0: Foul Ball, location: 2F 0-1: Ground out 3-1 (Groundball, 34, EV 83.8 MPH)
|
Batting: SHB Francisco Gutierrez
|
0-0: Ball 1-0: Foul Ball, location: 2F 1-1: Foul Ball, location: 2F 1-2: Ball 2-2: Strikes out looking
|
Batting: RHB Danny Weisse
|
0-0: Called Strike 0-1: Swinging Strike 0-2: Strikes out swinging
|
Top of the 5th over - 0 runs, 0 hits, 0 errors, 0 left on base; Omaha 4 - Rochester 5 |
BOTTOM OF THE 5TH |
Rochester Red Wings batting - Pitching for Omaha Storm Chasers : RHP Joe Noonan
|
Batting: LHB Chris Munguia
|
0-0: Swinging Strike 0-1: Ball 1-1: Fly out, F7 (Flyball, 7D, EV 105.0 MPH)
|
Batting: SHB Dan Morataya
|
0-0: Foul Ball, location: 2F 0-1: Called Strike 0-2: Ball 1-2: Reached on error, E5 (Groundball, 56, EV 86.9 MPH)
|
Batting: RHB Juan Espinoza
|
0-0: Ball 1-0: Swinging Strike 1-1: Fly out, F8 (Flyball, 8RM, EV 88.1 MPH)
|
Batting: RHB Manuel Juarez
|
0-0: Ball 1-0: SINGLE (Line Drive, 8LS, EV 108.1 MPH) Dan Morataya to second Runner from 2nd tries for 3rd, SAFE, throw by CF made to third
|
Batting: RHB Ryan Gautney
|
0-0: Called Strike 0-1: Fly out, F8 (Flyball, 8LM, EV 92.5 MPH)
|
Bottom of the 5th over - 0 runs, 1 hit, 1 error, 2 left on base; Omaha 4 - Rochester 5 |
TOP OF THE 6TH |
Omaha Storm Chasers batting - Pitching for Rochester Red Wings : RHP Bill Rondeau
|
Batting: LHB Danny Bailey
|
0-0: Called Strike 0-1: Fly out, F7 (Flyball, 7, EV 93.1 MPH)
|
Batting: RHB Yuichi Takata
|
0-0: Ball 1-0: Called Strike 1-1: Ball 2-1: Ground out 6-3 (Groundball, 56, EV 86.2 MPH)
|
Batting: RHB Kevin Roseen
|
0-0: Foul Ball, location: 2F 0-1: Swinging Strike 0-2: Foul Ball, location: 2F 0-2: Ball 1-2: SINGLE (Groundball, 34D, EV 99.4 MPH)
|
Pitching: RHP Matthew Lange
|
|
Batting: LHB Jim Pankratz
|
0-0: Ball 1-0: Ball 2-0: Ball 3-0: Called Strike 3-1: Base on Balls Kevin Roseen to second
|
Batting: RHB Walt Cogswell
|
0-0: Ball 1-0: Foul Ball, location: 2F 1-1: Swinging Strike 1-2: Fly out, F7 (Flyball, 7LS, EV 94.4 MPH)
|
Top of the 6th over - 0 runs, 1 hit, 0 errors, 2 left on base; Omaha 4 - Rochester 5 |
BOTTOM OF THE 6TH |
Rochester Red Wings batting - Pitching for Omaha Storm Chasers : RHP Joe Noonan
|
Pitching: RHP Kevin Fleming
|
|
Batting: RHB Mike Craver
|
0-0: Called Strike 0-1: Ground out 6-3 (Groundball, P, EV 83.8 MPH)
|
Batting: RHB Jeremy Witt
|
0-0: Called Strike 0-1: Ball 1-1: Called Strike 1-2: Strikes out swinging
|
Batting: RHB Cyril Husson
|
0-0: Called Strike 0-1: Swinging Strike 0-2: Ball 1-2: Strikes out swinging
|
Bottom of the 6th over - 0 runs, 0 hits, 0 errors, 0 left on base; Omaha 4 - Rochester 5 |
TOP OF THE 7TH |
Omaha Storm Chasers batting - Pitching for Rochester Red Wings : RHP Matthew Lange
|
Batting: RHB Taisei Fujii
|
0-0: Ball 1-0: Fly out, F8 (Flyball, 78D, EV 90.0 MPH)
|
Batting: RHB Ken Postlethwaite
|
0-0: Called Strike 0-1: Foul Ball, location: 2F 0-2: Ground out 6-3 (Groundball, 6, EV 105.6 MPH)
|
Batting: SHB Francisco Gutierrez
|
0-0: Foul Ball, location: 2F 0-1: Ball 1-1: Ball 2-1: Foul Ball, location: 2F 2-2: Ball 3-2: Foul Ball, location: 2F 3-2: Base on Balls
|
Batting: RHB Danny Weisse
|
0-0: Called Strike Francisco Gutierrez steals 2nd base (no throw) 0-1: Ball 1-1: Called Strike 1-2: Strikes out swinging
|
Top of the 7th over - 0 runs, 0 hits, 0 errors, 1 left on base; Omaha 4 - Rochester 5 |
BOTTOM OF THE 7TH |
Rochester Red Wings batting - Pitching for Omaha Storm Chasers : RHP Kevin Fleming
|
Batting: SHB Ian Thompson
|
0-0: Ball 1-0: Fly out, F8 (Flyball, 78S, EV 93.1 MPH)
|
Batting: LHB Chris Munguia
|
0-0: Ball 1-0: Ball 2-0: Foul Ball, location: 2F 2-1: Foul Ball, location: 2F 2-2: Ball 3-2: Reached on error, E4 (Groundball, 4S, EV 88.1 MPH)
|
Batting: SHB Dan Morataya
|
0-0: Called Strike Chris Munguia is caught stealing 2nd base 2-6 0-1: SOLO HOME RUN (Flyball, 7D, EV 97.5 MPH), Distance : 380 ft
|
Batting: RHB Juan Espinoza
|
0-0: Ball 1-0: Called Strike 1-1: Ball 2-1: Called Strike 2-2: Strikes out swinging
|
Bottom of the 7th over - 1 run, 1 hit, 1 error, 0 left on base; Omaha 4 - Rochester 6 |
TOP OF THE 8TH |
Omaha Storm Chasers batting - Pitching for Rochester Red Wings : RHP Matthew Lange
|
Pitching: LHP Brian Walters
|
|
Batting: LHB Danny Bailey
|
0-0: Ball 1-0: Called Strike 1-1: Called Strike 1-2: Ball 2-2: SINGLE (Line Drive, 3D, EV 108.1 MPH)
|
Batting: RHB Yuichi Takata
|
0-0: Called Strike 0-1: Ball 1-1: Ball 2-1: Foul Ball, location: 2F 2-2: Strikes out looking
|
Batting: RHB Kevin Roseen
|
0-0: Called Strike 0-1: Ball 1-1: Ball 2-1: Foul Ball, location: 2F 2-2: Grounds into double play, 6-4-3 (Groundball, 6, EV 106.2 MPH)
|
Top of the 8th over - 0 runs, 1 hit, 0 errors, 0 left on base; Omaha 4 - Rochester 6 |
BOTTOM OF THE 8TH |
Rochester Red Wings batting - Pitching for Omaha Storm Chasers : RHP Kevin Fleming
|
Batting: RHB Manuel Juarez
|
0-0: Ball 1-0: Ball 2-0: Foul Ball, location: 2F 2-1: Fly out, F9 (Flyball, 89S, EV 97.5 MPH)
|
Batting: RHB Ryan Gautney
|
0-0: Ground out 6-3 (Groundball, 56, EV 108.8 MPH)
|
Batting: RHB Mike Craver
|
0-0: Called Strike 0-1: Called Strike 0-2: Strikes out swinging
|
Bottom of the 8th over - 0 runs, 0 hits, 0 errors, 0 left on base; Omaha 4 - Rochester 6 |
TOP OF THE 9TH |
Omaha Storm Chasers batting - Pitching for Rochester Red Wings : LHP Brian Walters
|
Pitching: RHP Mark Case
|
|
Batting: LHB Jim Pankratz
|
0-0: Called Strike 0-1: Foul Ball, location: 2F 0-2: Foul Ball, location: 2F 0-2: Strikes out swinging
|
Batting: RHB Walt Cogswell
|
0-0: SINGLE (Groundball, 4MD, EV 101.9 MPH)
|
Batting: RHB Taisei Fujii
|
0-0: Called Strike 0-1: Swinging Strike 0-2: Strikes out swinging
|
Batting: RHB Ken Postlethwaite
|
0-0: Ground out 4-3 (Groundball, 4D, EV 105.6 MPH)
|
Top of the 9th over - 0 runs, 1 hit, 0 errors, 1 left on base; Omaha 4 - Rochester 6 |
|